 Dungeon Crawl Stone Soup version 0.29-a0-542-g075992c915 (webtiles) character file.

Game seed: 5005075660177887443

79 DocClef the Covert (level 4, -1/41 HPs)
             Began as a Gnoll Delver on June 4, 2022.
             Slain by an adder (3 damage)
             ... on level 4 of the Dungeon.
             The game lasted 00:00:59 (136 turns).

DocClef the Covert (Gnoll Delver)                    Turns: 136, Time: 00:01:00

Health: -1/41      AC:  3    Str: 14    XL:     4   Next: 37%
Magic:  5/5        EV: 13    Int:  9    God:
Gold:   9          SH:  0    Dex: 13    Spells: 5/5 levels left

rFire   . . .      SeeInvis .   a - +0 short sword
rCold   . . .      Faith    .   (no shield)
rNeg    . . .      Spirit   .   b - +0 leather armour
rPois   .          Reflect  .   (no helmet)
rElec   .          Harm     .   (no cloak)
rCorr   .          Rampage  .   (no gloves)
Will    .....                   (no boots)
Stlth   ++++......              (no amulet)
HPRegen 0.13/turn               (no ring)
MPRegen 0.09/turn               (no ring)

@: lethally poisoned (-1 -> -4)
A: fangs 1, strong nose, distributed training
a: no special abilities


You were on level 4 of the Dungeon.
You visited 1 branch of the dungeon, and saw 2 of its levels.

You collected 9 gold pieces.

Inventory:

Hand Weapons
 a - a +0 short sword (weapon)
Armour
 b - a +0 leather armour (worn)
Wands
 g - a wand of digging (3)
Scrolls
 c - a scroll of fog
 d - a scroll of identify {unknown}
 e - a scroll of fear
Potions
 f - a potion of haste


   Skills:
 + Level 6.6 Fighting
 + Level 4.6 Short Blades
 + Level 1.1 Long Blades
 + Level 1.1 Axes
 + Level 1.1 Maces & Flails
 + Level 1.1 Polearms
 + Level 1.1 Staves
 + Level 1.1 Slings
 + Level 1.1 Bows
 + Level 1.1 Crossbows
 + Level 1.1 Throwing
 + Level 1.1 Armour
 + Level 4.6 Dodging
 + Level 9.6 Stealth
 + Level 1.1 Shields
 + Level 1.1 Unarmed Combat
 + Level 1.1 Spellcasting
 + Level 0.8 Conjurations
 + Level 0.8 Hexes
 + Level 0.8 Summonings
 + Level 0.8 Necromancy
 + Level 0.8 Translocations
 + Level 0.8 Transmutations
 + Level 0.8 Fire Magic
 + Level 0.8 Ice Magic
 + Level 0.8 Air Magic
 + Level 0.8 Earth Magic
 + Level 0.8 Poison Magic
 + Level 1.2 Invocations
 + Level 1.1 Evocations


You had 5 spell levels left.
You didn't know any spells.
Your spell library was empty.

Dungeon Overview and Level Annotations

Branches:
Dungeon (5/15)
 Temple: D:4-7

Altars:


Innate Abilities, Weirdness & Mutations

You have very sharp teeth.
Your uncanny sense of smell can sniff out nearby items.
Your experience applies equally to all skills.


Message History

You miss the adder. Your bite misses the adder.
The adder is lightly wounded.
You hear the slow rusting of a drain.
The adder misses you.
You hit the adder.
The adder is heavily wounded.
The adder bites you.
* * * LOW HITPOINT WARNING * * *
You hit the adder.
The adder is severely wounded.
The adder bites you.
* * * LOW HITPOINT WARNING * * *
You barely miss the adder.
The adder is severely wounded.
The adder completely misses you.
You barely miss the adder.
The adder is severely wounded.
The adder closely misses you.
You miss the adder.
The adder is severely wounded.
The adder bites you.
* * * LOW HITPOINT WARNING * * *
The adder bites you.
* * * LOW HITPOINT WARNING * * *
You are lethally poisoned!
The adder poisons you!
You hit the adder but do no damage.
The adder is severely wounded.
* * * LOW HITPOINT WARNING * * *
You feel sick. The adder closely misses you.
Unknown command.
Okay, then.
You closely miss the adder.
The adder is severely wounded.
The adder bites you but does no damage.
You closely miss the adder.
The adder is severely wounded.
* * * LOW HITPOINT WARNING * * *
You feel sick. The adder bites you.
You die...

##.≈≈≈≈≈≈***####..
#≈#******≈* #.....
#≈#*,≈≈,*≈*##..##.
#≈#≈***≈*,##...##.
#≈#≈*∩*≈*,#..#.##.
##*#≈#≈*≈*≈*≈##...##.
#.,#≈#≈**,**≈*###.##.
#.*#S#≈*****≈* #....
##.##@##≈,≈≈≈** ####.
#.#.##.#*#**** #..
*#.###.#.###########.#
#.......##.......##.#
#.########.......##.#
#.########.......##.#
#....................
##########.......###.
#.......# *.


You could see an adder.

Vanquished Creatures
  A necrophage (D:5)
  An adder (D:4)
  A dart slug (D:4)
  2 giant cockroaches (D:4)
  A goblin (D:4)
  A ball python (D:4)
7 creatures vanquished.

Notes
Turn   | Place    | Note
-------+----------+-------------------------------------------
     0 | D:5      | Reached skill level 9 in Stealth
     0 | D:5      | DocClef the Gnoll Delver began the quest for the Orb.
     0 | D:5      | Reached XP level 1. HP: 23/23 MP: 1/1
     5 | D:5      | Noticed a necrophage
     7 | D:5      | Noticed a hound
    23 | D:5      | Killed a necrophage
    24 | D:5      | Reached skill level 1 in Long Blades
    24 | D:5      | Reached skill level 1 in Axes
    24 | D:5      | Reached skill level 1 in Maces & Flails
    24 | D:5      | Reached skill level 1 in Polearms
    24 | D:5      | Reached skill level 1 in Staves
    24 | D:5      | Reached skill level 1 in Slings
    24 | D:5      | Reached skill level 1 in Bows
    24 | D:5      | Reached skill level 1 in Crossbows
    24 | D:5      | Reached skill level 1 in Throwing
    24 | D:5      | Reached skill level 1 in Armour
    24 | D:5      | Reached skill level 1 in Shields
    24 | D:5      | Reached skill level 1 in Unarmed Combat
    24 | D:5      | Reached skill level 1 in Spellcasting
    24 | D:5      | Reached skill level 1 in Invocations
    24 | D:5      | Reached skill level 1 in Evocations
    24 | D:5      | Reached XP level 2. HP: 6/29 MP: 1/3
    24 | D:5      | Reached XP level 3. HP: 8/35 MP: 1/4
    24 | D:5      | Reached XP level 4. HP: 9/41 MP: 1/5
   134 | D:4      | HP: 2/41 [poisoned by an adder]
   136 | D:4      | Slain by an adder

Illustrated notes

Levels and vault maps discovered:
D:4:      layout_loops_cross, serial_shops, shop, gup_sewer_entry_spiral,
          st_stairs_7, dreamdust_princess_bridge, uniq_natasha, uniq_sigmund,
          uniq_pikel
D:5:      layout_loops_ring, temple_pool_b, minmay_hedge_maze,
          minmay_manual_mail

Skill      XL: |  1 |
---------------+----+-----
Stealth        | |  9.6
Long Blades    | 1 |  1.1
Axes           | 1 |  1.1
Maces & Flails | 1 |  1.1
Polearms       | 1 |  1.1
Staves         | 1 |  1.1
Slings         | 1 |  1.1
Bows           | 1 |  1.1
Crossbows      | 1 |  1.1
Throwing       | 1 |  1.1
Armour         | 1 |  1.1
Shields        | 1 |  1.1
Unarmed Combat | 1 |  1.1
Spellcasting   | 1 |  1.1
Invocations    | 1 |  1.2
Evocations     | 1 |  1.1
Fighting       | |  6.6
Short Blades   | |  4.6
Dodging        | |  4.6
Conjurations   | |  0.8
Hexes          | |  0.8
Summonings     | |  0.8
Necromancy     | |  0.8
Translocations | |  0.8
Transmutations | |  0.8
Fire Magic     | |  0.8
Ice Magic      | |  0.8
Air Magic      | |  0.8
Earth Magic    | |  0.8
Poison Magic   | |  0.8

Action                   |  1- 3 |  4- 6 || total
-------------------------+-------+-------++-------
Melee: Short sword       |    16 |    35 ||    51
       Bite              |     4 |     3 ||     7
  Use: Scroll            |       |     1 ||     1
 Stab: Sleeping          |       |     1 ||     1
Armor: Leather armour    |     3 |     4 ||     7
Dodge: Dodged            |     6 |    18 ||    24

Table legend: (Time is in decaauts)
 A = Elapsed time spent in this place.
 B = Non-inter-level travel time spent in this place.
 C = Inter-level travel time spent in this place.
 D = Time resting spent in this place.
 E = Time spent auto-exploring this place.
 F = Levels seen in this place.
 G = Mean time per level.
                   A        B        C        D        E       F      G
               +--------+--------+--------+--------+--------+-----+--------+
         Total |    132 |    131 |      1 |      0 |      3 |   2 |   66.0 |
       Dungeon |    132 |    131 |      1 |      0 |      3 |   2 |   66.0 |
               +--------+--------+--------+--------+--------+-----+--------+

Top non-repeatable levels by time:
     D:4: 107 daAuts
     D:5: 25 daAuts
